[Event "Titled Tuesday Blitz August 16 Early 2022"]
[White "Mika, Tomasz"]
[Black "Shohat, Yotam"]
[WhiteFideId "1132970"]
[BlackFideId "2813955"]
[WhiteElo "2126"]
[BlackElo "2119"]
[Result "1/2-1/2"]
[Round "05"]
[TimeControl "180+2"]
[Date "2022.08.18"]
[WhiteClock "0:00:00"]
[BlackClock "0:00:00"]

1. c4 g6 2. g3 Bg7 3. Bg2 Nf6 4. Nf3 O-O 5. O-O d6 6. b3 e5 7. Bb2 c6 8. Nc3 Re8 9. d4 e4 10. Ng5 d5 11. cxd5 cxd5 12. Rc1 Nc6 13. f3 h6 14. Nh3 exf3 15. exf3 b6 16. Qd2 Ba6 17. Rfe1 Nb4 18. Bf1 Bxf1 19. Kxf1 Qd7 20. Nf2 h5 21. h4 Kh7 22. Kg2 Bh6 23. f4 Rxe1 24. Rxe1 Re8 25. Re5 Nc6 26. Rxe8 Qxe8 27. Nd3 Ne4 28. Qe3 Qe6 29. Ne5 Nxc3 30. Qxc3 Nxe5 31. dxe5 Bf8 32. a4 Kg8 33. Qc7 Bc5 34. Qb8+ Kh7 35. Qxa7 Qf5 36. a5 Qc2+ 37. Kh3 Kg8 38. Qa8+ Kh7 39. Qa7 Qf5+ 40. Kh2 Qc2+ 41. Kh3 1/2-1/2


[Site "https://www.chess.com"]

[Event "Titled Tuesday Blitz August 16 Early 2022"]
[White "Mikhalsky, Vladimir"]
[Black "Ciuffoletti, Paolo"]
[WhiteFideId "14144352"]
[BlackFideId "807630"]
[WhiteElo "2301"]
[BlackElo "2143"]
[Result "1-0"]
[Round "05"]
[TimeControl "180+2"]
[Date "2022.08.18"]
[WhiteClock "0:00:00"]
[BlackClock "0:00:00"]

1. e4 c5 2. Nf3 Nc6 3. Bb5 e6 4. Bxc6 bxc6 5. e5 f6 6. b3 fxe5 7. Nxe5 Nf6 8. Bb2 Be7 9. Na3 Qc7 10. O-O d6 11. Ng4 O-O 12. Nc4 e5 13. Nxf6+ Bxf6 14. d3 Bd7 15. Re1 Rae8 16. Qd2 d5 17. Qa5 Qxa5 18. Nxa5 Bd8 19. Nb7 Be7 20. Bxe5 Bc8 21. Nd6 Bxd6 22. Bxd6 Rxe1+ 23. Rxe1 Rd8 24. Bxc5 a6 25. b4 Bf5 26. Bd4 Kf7 27. f3 Rb8 28. a3 Rb5 29. Bc5 a5 30. Kf2 axb4 31. axb4 Rb7 32. Ra1 Rd7 33. Ra8 h6 34. Ke3 g5 35. g4 Be6 36. h3 Kg7 37. f4 gxf4+ 38. Kxf4 Bf7 39. Bd4+ Kh7 40. h4 Bg8 41. g5 hxg5+ 42. Kxg5 Be6 43. Rh8# 1-0


[Site "https://www.chess.com"]

[Event "Titled Tuesday Blitz August 16 Early 2022"]
[White "Mirzoev, Emil"]
[Black "Vachylia, Andrii"]
[WhiteFideId "14108640"]
[BlackFideId "14137224"]
[WhiteElo "2438"]
[BlackElo "2318"]
[Result "0-1"]
[Round "05"]
[TimeControl "180+1"]
[Date "2022.08.16"]
[WhiteClock "0:00:02"]
[BlackClock "0:00:13"]

1. Nf3 Nf6 2. b3 g6 3. Bb2 Bg7 4. c4 O-O 5. g3 d6 6. Bg2 e5 7. O-O Nbd7 8. d4 Re8 9. dxe5 dxe5 10. Nc3 c6 11. Qc2 Qe7 12. Nd2 Nf8 13. Rfd1 Bf5 14. e4 Bg4 15. f3 Bd7 16. Ne2 Rad8 17. c5 Bc8 18. b4 Bh6 19. Nc4 Rxd1+ 20. Rxd1 Be6 21. Nd6 Rd8 22. Bxe5 Ne8 23. Nxe8 Rxd1+ 24. Qxd1 Qxe8 25. a3 Nd7 26. Bb2 a5 27. f4 axb4 28. axb4 Bg7 29. Bxg7 Kxg7 30. Qa1+ Kg8 31. Qa7 Bc4 32. Nd4 Ba6 33. Nxc6 Nf6 34. Ne5 Qa4 35. h3 Qxb4 36. Qb8+ Kg7 37. Qd6 Nxe4 38. Bxe4 Qe1+ 39. Kh2 Qxe4 40. Qd2 h5 41. g4 hxg4 42. hxg4 g5 43. Kg3 Bf1 44. Qf2 gxf4+ 45. Qxf4 Qg2+ 46. Kh4 Qh3+ 47. Kg5 Qh6+ 48. Kf5 Qe6+ 49. Ke4 f6 50. Qf5 Qxe5+ 51. Qxe5 fxe5 52. Kxe5 Kg6 53. Kd6 Bg2 0-1


[Site "https://www.chess.com"]

[Event "Titled Tuesday Blitz August 16 Early 2022"]
[White "Miszler, Levente"]
[Black "Bolanos, Fernando"]
[WhiteFideId "763276"]
[BlackFideId "3304094"]
[WhiteElo "1966"]
[BlackElo "2086"]
[Result "0-1"]
[Round "05"]
[TimeControl "180+2"]
[Date "2022.08.18"]
[WhiteClock "0:00:00"]
[BlackClock "0:00:00"]

1. Nf3 Nf6 2. g3 d5 3. Bg2 Bf5 4. O-O e6 5. Nh4 Be4 6. f3 Bg6 7. Nxg6 hxg6 8. d4 c6 9. e4 Nbd7 10. e5 Ng8 11. c3 Be7 12. Be3 Nh6 13. g4 Bg5 14. f4 Bh4 15. Nd2 Nb6 16. h3 Be7 17. a4 Qc7 18. a5 Nd7 19. b4 Rc8 20. Qe2 b5 21. a6 Rb8 22. Nb3 Rb6 23. Nc5 Nb8 24. Ra2 Qc8 25. Rfa1 O-O 26. f5 exf5 27. g5 f4 28. Bxf4 Nf5 29. Bf3 Bxc5 30. bxc5 Rxa6 31. Rxa6 Nxa6 32. Bg4 Nc7 33. Rxa7 Ne6 34. Bc1 b4 35. cxb4 Qb8 36. Ra4 Nexd4 37. Qa6 Qxe5 38. Qd3 Qe1+ 39. Kg2 Qxc1 40. Ra2 Nh4+ 41. Kh2 Qf4+ 42. Qg3 Nhf3+ 43. Kg2 Qxg3+ 44. Kxg3 Nxg5 45. Rd2 Ne4+ 46. Kf4 Nxd2 47. Ke5 N2b3 48. Kd6 f5 49. Bd1 Rb8 50. Bxb3 Nxb3 51. Kxc6 Rxb4 52. Kxd5 Nxc5 53. Kxc5 Re4 0-1


[Site "https://www.chess.com"]

[Event "Titled Tuesday Blitz August 16 Early 2022"]
[White "Molina, Roberto Junio Brito"]
[Black "Perez Gormaz, Matias"]
[WhiteFideId "2109450"]
[BlackFideId "3406342"]
[WhiteElo "2403"]
[BlackElo "2341"]
[Result "1-0"]
[Round "05"]
[TimeControl "180+2"]
[Date "2022.08.18"]
[WhiteClock "0:00:00"]
[BlackClock "0:00:00"]

1. d4 d5 2. Nf3 Nf6 3. e3 e6 4. Bd3 b6 5. O-O Bb7 6. Qe2 Nbd7 7. b3 Bd6 8. Bb2 O-O 9. Nbd2 Ne4 10. Ne5 Bxe5 11. dxe5 Nxd2 12. Qxd2 c5 13. Qe2 Rc8 14. c4 Qe7 15. f4 f5 16. cxd5 Bxd5 17. e4 fxe4 18. Bxe4 Bxe4 19. Qxe4 c4 20. Rad1 c3 21. Bc1 Nc5 22. Qe3 Nb7 23. Rd3 c2 24. g3 Rc7 25. Rf2 Rfc8 26. Rfd2 h6 27. Kg2 Nc5 28. Rd6 Nb7 29. R6d4 Qc5 30. R2d3 Qa5 31. Ra4 Qb5 32. Rxa7 Qc6+ 33. Qf3 Qc5 34. Rxb7 1-0


[Site "https://www.chess.com"]

[Event "Titled Tuesday Blitz August 16 Early 2022"]
[White "Munkhgal, Gombosuren"]
[Black "Popilski, Gil"]
[WhiteFideId "4901266"]
[BlackFideId "2809060"]
[WhiteElo "2576"]
[BlackElo "2537"]
[Result "1-0"]
[Round "05"]
[TimeControl "180+1"]
[Date "2022.08.16"]
[WhiteClock "0:00:09"]
[BlackClock "0:00:11"]

1. d4 Nf6 2. Bf4 d6 3. Nc3 Nbd7 4. Nf3 c6 5. Qd2 Qa5 6. a3 e5 7. Bg3 Be7 8. e3 O-O 9. Be2 Re8 10. O-O Bf8 11. b4 Qc7 12. dxe5 Nxe5 13. Nxe5 dxe5 14. Bc4 b5 15. Bb3 a5 16. Rab1 a4 17. Ba2 Be6 18. Bxe6 Rxe6 19. Qe2 g6 20. Rfd1 Qe7 21. e4 Nh5 22. Rd3 Rd8 23. Rbd1 Red6 24. Nb1 Bh6 25. Nc3 R8d7 26. Nb1 Rxd3 27. Rxd3 Rxd3 28. Qxd3 Bc1 29. Qd1 Bb2 30. Qd3 Qg5 31. Nd2 Nxg3 32. hxg3 Bxa3 33. Nf3 Qc1+ 34. Kh2 Qh6+ 35. Kg1 Qc1+ 36. Kh2 Bxb4 37. Nxe5 Qh6+ 38. Kg1 Qc1+ 39. Kh2 Qd2 40. Qf3 Qh6+ 41. Kg1 Qf8 42. Nd7 Qe7 43. Nf6+ Kg7 44. Ng4 Bd2 45. Qd3 h5 46. Qd4+ f6 47. Nxf6 Qxf6 48. Qxd2 a3 49. Qa5 Qd6 50. f4 b4 51. Kh2 c5 52. e5 Qd4 53. Qc7+ Kh6 54. Qc8 Kg7 55. Qc7+ Kf8 56. Qc8+ Ke7 57. Qc7+ Ke6 58. Qc8+ Kd5 59. Qg8+ Ke4 60. Qxg6+ Ke3 61. e6 Kf2 62. Qxh5 a2 63. e7 a1=Q 64. Qf3+ Ke1 65. e8=Q+ Kd2 66. Qee2+ Kc1 67. Qef1+ Kb2 68. Qxa1+ Kxa1 69. f5 Qh8+ 70. Kg1 Qf6 71. g4 c4 72. g5 Qxg5 73. f6 Qc1+ 74. Kh2 Qh6+ 75. Kg1 Kb2 76. f7 Qf8 77. Qf6+ c3 78. Qe6 Kxc2 79. Qe8 Qc5+ 80. Kh2 Qh5+ 81. Kg3 Qg5+ 82. Kf3 Qf5+ 83. Ke3 Qg5+ 84. Kd4 Qf4+ 85. Qe4+ Qxe4+ 86. Kxe4 b3 87. f8=Q b2 88. Qf2+ Kc1 89. Qe1+ Kc2 90. Qe2+ Kc1 91. Qe3+ Kc2 92. Kd4 b1=Q 93. Qxc3+ Kd1 94. Qd3+ Qxd3+ 95. Kxd3 Ke1 96. g4 Kf2 97. g5 1-0


[Site "https://www.chess.com"]

[Event "Titled Tuesday Blitz August 16 Early 2022"]
[White "Namitbir Singh Walia"]
[Black "Kosteniuk, Alexandra"]
[WhiteFideId "35071068"]
[BlackFideId "4128125"]
[WhiteElo "1664"]
[BlackElo "2469"]
[Result "1-0"]
[Round "05"]
[TimeControl "180+2"]
[Date "2022.08.18"]
[WhiteClock "0:00:00"]
[BlackClock "0:00:00"]

1. e4 c6 2. d4 d5 3. Nc3 dxe4 4. Nxe4 Nf6 5. Nxf6+ exf6 6. c3 Bd6 7. Bd3 O-O 8. Ne2 Re8 9. O-O h5 10. Nf4 Bg4 11. Qb3 Qc7 12. g3 g5 13. f3 gxf4 14. fxg4 fxg3 15. Bh6 gxh2+ 16. Kh1 Nd7 17. gxh5 c5 18. Qd5 Bf8 19. Rg1+ hxg1=Q+ 20. Rxg1+ Kh8 21. Qf5 Qc6+ 22. d5 Qxd5+ 23. Qxd5 Bxh6 24. Qxf7 1-0


[Site "https://www.chess.com"]

[Event "Titled Tuesday Blitz August 16 Early 2022"]
[White "Nathan, Nitish"]
[Black "Jaferian, Koosha"]
[WhiteFideId "30927870"]
[BlackFideId "12507440"]
[WhiteElo "1813"]
[BlackElo "2030"]
[Result "0-1"]
[Round "05"]
[TimeControl "180+2"]
[Date "2022.08.18"]
[WhiteClock "0:00:00"]
[BlackClock "0:00:00"]

1. d4 Nf6 2. Bf4 d5 3. e3 e6 4. Nd2 Bd6 5. Bg3 c5 6. c3 Nc6 7. Ngf3 O-O 8. Bd3 b6 9. O-O Bxg3 10. hxg3 Bb7 11. Re1 Ne7 12. e4 dxe4 13. Nxe4 Nxe4 14. Bxe4 Bxe4 15. Rxe4 Qc7 16. Rh4 Nf5 17. Rh1 Rfd8 18. g4 Nh6 19. g5 Nf5 20. Ne5 cxd4 21. cxd4 Rxd4 22. Qh5 h6 23. gxh6 Qxe5 24. hxg7 Qxg7 25. Qf3 Rad8 26. Rh5 Rh4 27. Rxh4 Nxh4 28. Qf4 Qxg2# 0-1


[Site "https://www.chess.com"]

[Event "Titled Tuesday Blitz August 16 Early 2022"]
[White "Navarrete Mendez, Gonzalo Alberto"]
[Black "Gubanov, Oleg"]
[WhiteFideId "5106850"]
[BlackFideId "14115115"]
[WhiteElo "2261"]
[BlackElo "2080"]
[Result "1-0"]
[Round "05"]
[TimeControl "180+2"]
[Date "2022.08.18"]
[WhiteClock "0:00:00"]
[BlackClock "0:00:00"]

1. e4 Nf6 2. Nc3 d5 3. e5 d4 4. exf6 dxc3 5. Qh5 cxb2 6. Bxb2 exf6 7. Bc4 Qd7 8. O-O-O Nc6 9. Nf3 Bd6 10. Rde1+ Kf8 11. Re3 Nd8 12. Rhe1 Ne6 13. Nd4 Nf4 14. Re8+ Qxe8 15. Rxe8+ Kxe8 16. Qxf7+ Kd8 17. Qxg7 Rf8 18. Nb5 Be7 19. Nxc7 Nh5 20. Qxh7 Rb8 21. Ne6+ Bxe6 22. Bxe6 Nf4 23. Bg4 Nd5 24. Qd3 Kc7 25. Qxd5 Rbd8 26. Qc4+ Kb8 27. Bd4 f5 28. Bf3 Ba3+ 29. Kd1 Rd7 30. c3 Bd6 31. Qb5 Rfd8 32. Kc2 Be7 33. Qxf5 a6 34. h4 Rc7 35. Be5 Bd6 36. Bxd6 Rxd6 37. Qf8+ 1-0


[Site "https://www.chess.com"]

[Event "Titled Tuesday Blitz August 16 Early 2022"]
[White "Novikova, Galina"]
[Black "Manukian, Artak"]
[WhiteFideId "4157095"]
[BlackFideId "13301373"]
[WhiteElo "1923"]
[BlackElo "2196"]
[Result "0-1"]
[Round "05"]
[TimeControl "180+2"]
[Date "2022.08.18"]
[WhiteClock "0:00:00"]
[BlackClock "0:00:00"]

1. e4 c6 2. d4 d5 3. exd5 cxd5 4. c4 Nc6 5. Nc3 Nf6 6. Bg5 e6 7. Nf3 Be7 8. Bd3 dxc4 9. Bxc4 O-O 10. O-O a6 11. a3 b5 12. Ba2 b4 13. Na4 bxa3 14. bxa3 Bxa3 15. Rc1 Bxc1 16. Qxc1 Nxd4 17. Nxd4 Qxd4 18. Nc3 Bb7 19. Rd1 Qg4 20. f3 0-1


[Site "https://www.chess.com"]

[Event "Titled Tuesday Blitz August 16 Early 2022"]
[White "Nugumanov, Bakhtiyar"]
[Black "Petrovic, Aleksa"]
[WhiteFideId "13701797"]
[BlackFideId "967629"]
[WhiteElo "2287"]
[BlackElo "2262"]
[Result "0-1"]
[Round "05"]
[TimeControl "180+2"]
[Date "2022.08.18"]
[WhiteClock "0:00:00"]
[BlackClock "0:00:00"]

1. Nf3 Nf6 2. c4 e6 3. g3 b6 4. Bg2 Bb7 5. O-O Be7 6. Nc3 c5 7. Re1 O-O 8. e4 d6 9. d4 cxd4 10. Nxd4 Qc8 11. b3 a6 12. Bb2 Nbd7 13. Qe2 Ra7 14. Rad1 Ba8 15. f4 Rc7 16. e5 dxe5 17. fxe5 Ne8 18. Nf3 Nb8 19. Ne4 Bb4 20. Rf1 b5 21. Nd6 Nxd6 22. exd6 Rd7 23. cxb5 Rxd6 24. Rc1 Qd8 25. a3 Ba5 26. Qe5 f6 27. Qe2 Bb6+ 28. Kh1 axb5 29. Qxb5 Kh8 30. Qb4 Na6 31. Qb5 Nc7 32. Qe2 Nd5 33. Rfd1 Ne3 34. Rxd6 Qxd6 35. b4 Nxg2 36. Qxg2 e5 37. Rf1 e4 38. Nd2 e3 39. Nf3 Re8 40. Qe2 Qd2 41. Qxd2 exd2 42. Kg2 Re1 43. Rxe1 dxe1=Q 44. Bxf6 Qe2+ 0-1


[Site "https://www.chess.com"]

[Event "Titled Tuesday Blitz August 16 Early 2022"]
[White "O`Gorman, Tom"]
[Black "Nunez V, Gustavo Eduardo"]
[WhiteFideId "2508249"]
[BlackFideId "4403690"]
[WhiteElo "2270"]
[BlackElo "2228"]
[Result "1-0"]
[Round "05"]
[TimeControl "180+2"]
[Date "2022.08.18"]
[WhiteClock "0:00:00"]
[BlackClock "0:00:00"]

1. Nf3 c5 2. g3 Nc6 3. Bg2 g6 4. O-O Bg7 5. c3 d5 6. d4 cxd4 7. cxd4 Nf6 8. Ne5 O-O 9. Nc3 Bf5 10. Bf4 Rc8 11. Nxc6 Rxc6 12. Be5 Ne4 13. Bxe4 Bxe4 14. Bxg7 Kxg7 15. Nxe4 dxe4 16. e3 e5 17. dxe5 Qxd1 18. Rfxd1 Re6 19. Rd7 Rb8 20. Rc1 Rxe5 21. Rcc7 Rf5 22. Rxb7 Rc8 23. Rbc7 Rb8 24. b3 a5 25. Ra7 Rc8 26. Rd2 Rc1+ 27. Kg2 h5 28. Re7 h4 29. Rxe4 h3+ 30. Kxh3 Rg1 31. Kg4 Rg2 32. Rf4 Rh5 33. h4 f5+ 34. Kf3 Rg1 35. Ra4 f4 36. Rxf4 Ra1 37. b4 a4 38. b5 Rxb5 39. Rxa4 Rf5+ 40. Rf4 Ra5 41. Rg4 Kh6 42. Rd6 Rf5+ 43. Rf4 Rxf4+ 44. exf4 Rxa2 45. f5 Ra3+ 46. Kg2 Kh5 47. fxg6 Ra7 48. Kh3 Rg7 49. g4+ Kh6 50. h5 Kg5 51. Kg3 1-0


[Site "https://www.chess.com"]

[Event "Titled Tuesday Blitz August 16 Early 2022"]
[White "Omariev, Maksim"]
[Black "Avalos Parra, Joao"]
[WhiteFideId "4193423"]
[BlackFideId "3402541"]
[WhiteElo "2304"]
[BlackElo "2173"]
[Result "1-0"]
[Round "05"]
[TimeControl "180+2"]
[Date "2022.08.18"]
[WhiteClock "0:00:00"]
[BlackClock "0:00:00"]

1. g4 d5 2. Bg2 Bxg4 3. c4 c6 4. Qb3 Nf6 5. Qxb7 Nbd7 6. d3 Rc8 7. Nc3 Nc5 8. Qxa7 e5 9. Bg5 Be7 10. Bxf6 gxf6 11. cxd5 Ra8 12. Qb6 Qxb6 13. Rb1 cxd5 14. Bxd5 Rd8 15. Nf3 Be6 16. Bxe6 fxe6 17. Nd2 Qb7 18. Rg1 Kf7 19. b4 Nd7 20. b5 Rhg8 21. Rg3 Rxg3 22. hxg3 Bc5 23. Nce4 Bb6 24. Nd6+ Ke7 25. Nxb7 Ra8 26. Nc4 Rxa2 27. Nxb6 Nxb6 28. Nc5 Kd6 29. Ne4+ Ke7 30. Rc1 Nd5 31. b6 Rb2 32. Nc5 Rxb6 33. e4 Nb4 34. Ke2 Rc6 35. Rc4 Na2 36. Rc2 Nb4 37. Rc4 Na2 38. Ra4 Rxc5 39. Rxa2 Kf7 40. Ra7+ Kg6 41. Ke3 Rc2 42. Re7 Rc6 43. f4 exf4+ 44. gxf4 Ra6 45. Re8 h5 46. Rg8+ Kh7 47. Rg1 Kh6 48. Kd4 Rd6+ 49. Kc4 e5 50. f5 Rd4+ 51. Kc3 h4 52. Rg6+ Kh5 53. Rxf6 h3 54. Rf8 Rd7 55. Rh8+ Kg4 56. f6 Kg3 57. Rh6 h2 58. d4 exd4+ 59. Kd3 Kg2 60. e5 h1=Q 61. Rxh1 Kxh1 62. e6 Ra7 63. f7 Re7 64. f8=Q Rxe6 65. Qf3+ Kh2 66. Qf4+ Kh1 67. Qh4+ Kg1 68. Qg4+ Kf1 69. Qxe6 Kf2 70. Qe2+ Kg1 71. Kxd4 Kh1 72. Ke4 Kg1 73. Kf3 Kh1 74. Qg2# 1-0


[Site "https://www.chess.com"]

[Event "Titled Tuesday Blitz August 16 Early 2022"]
[White "Oparin, Grigoriy"]
[Black "Weetik, Vjacheslav"]
[WhiteFideId "24125890"]
[BlackFideId "4153472"]
[WhiteElo "2639"]
[BlackElo "2469"]
[Result "1-0"]
[Round "05"]
[TimeControl "180+1"]
[Date "2022.08.16"]
[WhiteClock "0:01:00"]
[BlackClock "0:00:01"]

1. e4 c6 2. Nc3 d5 3. Nf3 dxe4 4. Nxe4 Nf6 5. Qe2 Nxe4 6. Qxe4 Nd7 7. d4 Nf6 8. Qf4 g6 9. Bc4 Bg7 10. O-O O-O 11. Re1 b5 12. Bb3 Bb7 13. Qh4 Nd5 14. Bg5 Re8 15. a4 Qd6 16. c3 a6 17. Re2 c5 18. dxc5 Qxc5 19. Rae1 e6 20. Ne5 f6 21. Nd3 Qc6 22. Qg4 fxg5 23. Rxe6 Rxe6 24. Rxe6 Qc7 25. Nb4 Qd7 26. Qe4 Rd8 27. Re7 Qd6 28. Rxb7 Kh8 29. Nxd5 1-0


[Site "https://www.chess.com"]

[Event "Titled Tuesday Blitz August 16 Early 2022"]
[White "Orlov, Georgi"]
[Black "Gheorghiu, Calin"]
[WhiteFideId "2011271"]
[BlackFideId "1200305"]
[WhiteElo "2461"]
[BlackElo "2168"]
[Result "0-1"]
[Round "05"]
[TimeControl "180+2"]
[Date "2022.08.18"]
[WhiteClock "0:00:00"]
[BlackClock "0:00:00"]

1. d4 Nf6 2. Nf3 d5 3. c4 e6 4. g3 Bb4+ 5. Bd2 Bd6 6. Bg2 c6 7. Qc2 Ne4 8. O-O O-O 9. Nc3 f5 10. c5 Be7 11. b4 Nd7 12. a4 Bf6 13. Rad1 g5 14. e3 g4 15. Ne1 e5 16. Bc1 Qe7 17. Ne2 b6 18. Nd3 Ba6 19. Ba3 bxc5 20. Bxe4 fxe4 21. Nxc5 Nxc5 22. bxc5 Bd3 23. Rxd3 exd3 24. Qxd3 Rab8 25. Qf5 Qg7 26. Qe6+ Kh8 27. dxe5 Bxe5 28. Qxc6 Rb3 29. Bc1 Qf7 30. Qa6 Qf3 31. Nf4 Rb1 32. Qe6 Bxf4 33. exf4 Qe4 34. Qd6 Rc8 35. c6 Qc4 36. Be3 Qxf1# 0-1


[Site "https://www.chess.com"]

[Event "Titled Tuesday Blitz August 16 Early 2022"]
[White "Pakleza, Zbigniew"]
[Black "Ozates, Tuna"]
[WhiteFideId "1119290"]
[BlackFideId "6354521"]
[WhiteElo "2411"]
[BlackElo "1887"]
[Result "1-0"]
[Round "05"]
[TimeControl "180+2"]
[Date "2022.08.18"]
[WhiteClock "0:00:00"]
[BlackClock "0:00:00"]

1. Nf3 c5 2. c3 Nc6 3. d4 cxd4 4. cxd4 d5 5. Nc3 Nf6 6. Bf4 Bf5 7. Qb3 Qb6 8. Qxb6 axb6 9. e3 e6 10. Bb5 Nd7 11. Ke2 f6 12. Rhc1 g5 13. Bg3 h5 14. h3 Bb4 15. a3 Be7 16. Nd2 Kf7 17. Bd3 Bxd3+ 18. Kxd3 h4 19. Bh2 Rhg8 20. f3 f5 21. Nb5 g4 22. fxg4 fxg4 23. Rf1+ Nf6 24. Nd6+ Bxd6 25. Bxd6 Ne7 26. Rac1 Nf5 27. Rc7+ Kg6 28. Be5 Rg7 29. Rxg7+ Kxg7 30. hxg4 1-0


[Site "https://www.chess.com"]

[Event "Titled Tuesday Blitz August 16 Early 2022"]
[White "Papayan, Oleg"]
[Black "Sourath Biswas"]
[WhiteFideId "4193911"]
[BlackFideId "35091484"]
[WhiteElo "2038"]
[BlackElo "1777"]
[Result "1-0"]
[Round "05"]
[TimeControl "180+2"]
[Date "2022.08.18"]
[WhiteClock "0:00:00"]
[BlackClock "0:00:00"]

1. e4 c6 2. d4 d5 3. e5 Bf5 4. h4 h5 5. Bg5 Qb6 6. Bd3 Bxd3 7. Qxd3 e6 8. Nd2 Nh6 9. Ngf3 Nf5 10. O-O Nd7 11. c4 Qa6 12. Rfc1 Bb4 13. a3 Bxd2 14. Nxd2 c5 15. dxc5 Nxe5 16. Qe2 Nc6 17. b4 dxc4 18. Nxc4 O-O 19. Qxh5 Ncd4 20. Rc3 Qc6 21. Qg4 Qd5 22. Bf6 Kh7 23. Rg3 gxf6 24. Ne3 Nxg3 25. Nxd5 Nge2+ 26. Kf1 exd5 27. Rd1 Rad8 28. Rxd4 Nxd4 29. Qxd4 Kg7 30. g4 Rfe8 31. g5 Re6 32. h5 Kh7 33. Qd3+ Kg8 34. f4 Re4 35. gxf6 Rxf4+ 36. Ke2 Rxf6 37. Qg3+ Kf8 38. Qc7 Re6+ 39. Kd3 Ke8 40. Qxb7 d4 41. c6 Re3+ 42. Kd2 Rc3 43. b5 Rc5 44. c7 Rd7 45. c8=Q+ Rxc8 46. Qxc8+ Ke7 47. Qc6 d3 48. Qxd7+ Kxd7 49. h6 Ke6 50. h7 Kf6 51. h8=Q+ Kf5 52. Qd4 Ke6 53. Qxd3 f5 54. Qf3 1-0


[Site "https://www.chess.com"]

[Event "Titled Tuesday Blitz August 16 Early 2022"]
[White "Paravyan, David"]
[Black "Diaz Perez, Michel Alejandro"]
[WhiteFideId "4194985"]
[BlackFideId "3517179"]
[WhiteElo "2569"]
[BlackElo "2313"]
[Result "1-0"]
[Round "05"]
[TimeControl "180+2"]
[Date "2022.08.18"]
[WhiteClock "0:00:00"]
[BlackClock "0:00:00"]

1. e4 d6 2. d4 Nd7 3. Nf3 Ngf6 4. e5 Ne4 5. Bd3 d5 6. Nbd2 Nxd2 7. Bxd2 e6 8. c3 c5 9. h4 Qb6 10. Rb1 h6 11. h5 Be7 12. O-O a5 13. a4 Qc7 14. Nh2 O-O 15. Ng4 f5 16. exf6 Nxf6 17. Ne5 Bd6 18. Qe2 Bxe5 19. dxe5 Ne4 20. Bxe4 dxe4 21. Qxe4 Bd7 22. Rbe1 Bc6 23. Qg4 Kh8 24. Qxe6 Rae8 25. Qd6 Qf7 26. Qg6 Qxg6 27. hxg6 Re6 28. f3 Rxg6 29. Kh2 b6 30. b3 Re8 31. c4 Kh7 32. Re2 Rge6 33. Bc3 Kg6 34. Rd2 h5 35. Rfd1 Kf5 36. Kg3 g5 37. Kf2 g4 38. Rh1 gxf3 39. gxf3 Rh8 40. Rh4 Kg5 41. Kg3 Rg8 42. Rdh2 Rh8 43. f4+ Kg6 44. Rg4+ hxg4 45. Rxh8 Bf3 46. Rf8 Re7 47. e6 Be4 48. Rf6+ Kh7 49. f5 Bxf5 50. Rxf5 Rxe6 51. Re5 Rd6 52. Rd5 Re6 53. Be5 Kg6 54. Kxg4 Re8 55. Rd6+ Kf7 56. Kf5 1-0


[Site "https://www.chess.com"]

[Event "Titled Tuesday Blitz August 16 Early 2022"]
[White "Pastar, Slaven"]
[Black "Gomez Ledo, Roberto Carlos"]
[WhiteFideId "14402718"]
[BlackFideId "3507076"]
[WhiteElo "2248"]
[BlackElo "2379"]
[Result "1/2-1/2"]
[Round "05"]
[TimeControl "180+2"]
[Date "2022.08.18"]
[WhiteClock "0:00:00"]
[BlackClock "0:00:00"]

1. b3 d5 2. Bb2 Bf5 3. Nf3 e6 4. g3 a5 5. Bg2 h6 6. O-O Nf6 7. c4 c6 8. d3 Be7 9. Re1 O-O 10. Nbd2 Bh7 11. Qc2 Nbd7 12. a3 Re8 13. Bc3 Qb6 14. Qb2 c5 15. cxd5 exd5 16. d4 Bf8 17. dxc5 Bxc5 18. Bd4 Rac8 19. e3 Bxd4 20. Qxd4 Qc7 21. b4 a4 22. Bf1 Nb6 23. Bb5 Red8 24. Rac1 Qd6 25. Rc5 Ne4 26. Nxe4 Bxe4 27. Nd2 Qg6 28. Rec1 Bf5 29. Nf3 Ra8 30. Nh4 Qe6 31. Nxf5 Qxf5 32. Rc7 Nc4 33. Bxc4 dxc4 34. Qxc4 b5 35. Qc2 Rd3 36. Rc3 Rad8 37. Rxd3 Qxd3 38. Qxd3 Rxd3 39. Rc5 Rxa3 40. Rxb5 Rb3 41. Kg2 g6 42. Rb7 h5 43. h4 a3 44. Kf3 a2 45. Ra7 Rb2 46. b5 Kg7 47. b6 Rxb6 48. Rxa2 Rb3 49. Ra4 Rc3 50. Ra6 Rb3 51. Kf4 Rb2 52. f3 Rb4+ 53. e4 Rb3 54. g4 hxg4 55. fxg4 Rc3 56. Ra4 Rc1 57. Rd4 Rf1+ 58. Kg3 Rg1+ 59. Kh3 Re1 60. Kg2 Rb1 61. Rd2 Rb3 62. Re2 Kf6 63. Rf2+ Kg7 64. Rf3 Rb4 65. Rf4 Rb3 66. e5 Re3 67. Rf3 Rxe5 68. Kg3 Re4 69. g5 Rd4 70. Rf4 Rd5 71. Rf3 Rc5 72. Rf4 Rb5 73. Rf3 Ra5 74. Rf4 Ra1 75. Rf3 Rg1+ 76. Kh3 Rh1+ 77. Kg3 Rc1 78. Kh3 Rc4 79. Kg3 Rb4 80. Kh3 Ra4 81. Kg3 Ra6 82. Kh3 f5 83. gxf6+ Rxf6 84. Rxf6 Kxf6 85. Kg4 Kg7 86. Kg5 Kh7 87. h5 gxh5 88. Kxh5 1/2-1/2


[Site "https://www.chess.com"]

[Event "Titled Tuesday Blitz August 16 Early 2022"]
[White "Perez Ponsa, Federico"]
[Black "Skliarov, Viktor"]
[WhiteFideId "117927"]
[BlackFideId "14106736"]
[WhiteElo "2604"]
[BlackElo "2257"]
[Result "1-0"]
[Round "05"]
[TimeControl "180+1"]
[Date "2022.08.16"]
[WhiteClock "0:00:53"]
[BlackClock "0:00:07"]

1. d4 Nf6 2. g3 g6 3. Bg2 Bg7 4. e4 d6 5. Ne2 O-O 6. O-O c5 7. dxc5 dxc5 8. Qxd8 Rxd8 9. e5 Ng4 10. f4 f6 11. h3 Nh6 12. exf6 exf6 13. Nbc3 Nc6 14. Be3 Nf5 15. Bxc5 Be6 16. Rad1 Bf8 17. Bxf8 Kxf8 18. Kf2 Bc4 19. g4 Nfd4 20. Bxc6 Nxe2 21. Nxe2 bxc6 22. b3 Bxe2 23. Kxe2 Re8+ 24. Kf3 Rad8 25. Rxd8 Rxd8 26. Rf2 Ke7 27. Re2+ Kf7 28. Ke3 h5 29. Rd2 Re8+ 30. Kf3 hxg4+ 31. hxg4 Re7 32. Rh2 Ke8 33. Re2 Rxe2 34. Kxe2 Kd7 35. Kd3 Kd6 36. Kd4 c5+ 37. Kc4 Kc6 38. c3 a6 39. b4 g5 40. fxg5 fxg5 41. bxc5 1-0


[Site "https://www.chess.com"]

[Event "Titled Tuesday Blitz August 16 Early 2022"]
[White "Petrova, Irina"]
[Black "Korelskiy, Egor"]
[WhiteFideId "14124122"]
[BlackFideId "34329064"]
[WhiteElo "2021"]
[BlackElo "2077"]
[Result "1/2-1/2"]
[Round "05"]
[TimeControl "180+2"]
[Date "2022.08.18"]
[WhiteClock "0:00:00"]
[BlackClock "0:00:00"]

1. e4 c5 2. Nf3 e6 3. b3 d6 4. Bd3 Nf6 5. O-O Be7 6. Re1 e5 7. Bb2 O-O 8. c3 Nc6 9. Bf1 Qc7 10. h3 Rd8 11. d4 d5 12. exd5 Nxd5 13. c4 Nf6 14. d5 e4 15. Nfd2 Nd4 16. Nc3 Bf5 17. Ncxe4 b5 18. Ng3 Bg6 19. Rc1 Qd7 20. Bxd4 cxd4 21. Nde4 bxc4 22. bxc4 Nxe4 23. Nxe4 Rac8 24. Bd3 Ba3 25. Rb1 f5 26. Nd2 a5 27. Qf3 Bb4 28. Red1 f4 29. Bxg6 hxg6 30. Qxf4 Bxd2 31. Rxd2 Rxc4 32. Rxd4 Rxd4 33. Qxd4 Qxd5 34. Qxd5+ Rxd5 35. Rb6 Rd2 36. Rxg6 Rxa2 37. Ra6 a4 38. g3 Kh7 39. Kg2 a3 40. h4 Ra1 41. Kf3 Ra2 42. Kg4 Rxf2 43. Rxa3 Rf6 44. Ra5 Rg6+ 45. Rg5 Rf6 46. Rf5 Rg6+ 47. Kf4 Rh6 48. Rg5 Rf6+ 49. Kg4 Ra6 50. h5 g6 51. Kh4 gxh5 52. Rxh5+ Kg7 53. Rb5 Rh6+ 54. Kg4 Ra6 55. Kf4 Kh7 56. g4 Kg7 57. Kg5 Kf7 58. Rb7+ Kg8 59. Kh5 Rc6 60. g5 Ra6 61. Rc7 Rb6 62. Re7 Ra6 63. Kg4 Ra4+ 64. Kf5 Ra5+ 65. Kf6 Ra6+ 66. Re6 Rxe6+ 67. Kxe6 Kg7 68. Kf5 Kf7 69. g6+ Kg7 70. Kg5 Kg8 71. Kf6 Kf8 72. g7+ Kg8 73. Kg6 1/2-1/2


[Site "https://www.chess.com"]